 Dungeon Crawl Stone Soup version 0.29-a0-222-g5b244fca1f (webtiles) character file.

Game seed: 2218178339426525286

14595 enile the Fighter (level 11, -7/156 HPs)
             Began as a Grey Draconian Air Elementalist on Feb 28, 2022.
             Was an Initiate of Gozag.
             Mangled by a minotaur
             ... wielding a staff of air
              (9 damage)
             ... in a Gauntlet.
             The game lasted 00:42:00 (16963 turns).

enile the Fighter (DrAE)                           Turns: 16963, Time: 00:42:01

Health: -7/156     AC: 25    Str: 13    XL:     11   Next: 90%
Magic:  18/18      EV:  2    Int: 28    God:    Gozag
Gold:   20         SH: 15    Dex: 14    Spells: 17/22 levels left

rFire   + . .      SeeInvis .   z - +6 whip of the Howling Saviour {vorpal, rPois rC+ Str+3}
rCold   + + +      Faith    .   R - +0 kite shield
rNeg    . . .      Spirit   .   (body armour unavailable)
rPois   +          Reflect  +   (helmet currently unavailable)
rElec   +          Harm     .   (cloak currently unavailable)
rCorr   +          Rampage  .   (gloves currently unavailable)
Will    .....      NoTele   +   (boots currently unavailable)
Stlth   +++.......              s - amulet of reflection
HPRegen 0.36/turn               V - +6 ring of intelligence
MPRegen 0.16/turn               P - ring of Jealousy {rC+ rCorr EV+4 Dex+2}

@: mighty, tree-form, resistant, hasted, invisible, very quick
A: stationary, stasis, torment immunity, boosted hp, AC +12, (amphibious),
unfitting armour, (cold-blooded), (horns 1), clever 1, low MP 1
a: Renounce Religion, Potion Petition, Call Merchant, Bribe Branch


You were in a Gauntlet.
You worshipped Gozag.
Gozag was noncommittal.
You were a tree.
You visited 2 branches of the dungeon, and saw 12 of its levels.
You also visited: Sewer and Gauntlet.

You collected 2058 gold pieces.
You spent 994 gold pieces at shops.
You paid 1044 gold pieces to Gozag.

Inventory:

Hand Weapons
 b - a +0 club
 c - a +2 dagger of venom
 f - a +0 dagger
 m - a +0 hunting sling of flaming
 t - a +0 great sword
 z - the +6 whip of the Howling Saviour (weapon) {vorpal, rPois rC+ Str+3}
   (You found it on level 4 of the Dungeon)

   It inflicts extra damage upon your enemies.
   Str:       It affects your strength (+3).
   rC:        It protects you from cold.
   rPois:     It protects you from poison.
 C - a +2 dagger of chaos
 U - a +5 great sword of freezing
Missiles
 g - 13 poisoned darts
 F - 5 large rocks
 L - 3 atropa-tipped darts
Armour
 G - an orb of energy
 H - the +2 pair of gloves "Maclocag" (melded) {rElec rN+ Will+}
   (You bought it in a shop on level 1 of the Dungeon)

   rElec:     It insulates you from electricity.
   rN:        It protects you from negative energy.
   Will:      It increases your willpower.
 I - a scarf of resistance (melded)
 N - a +0 buckler
 R - a +0 kite shield (worn)
Magical Staves
 y - a staff of poison
Jewellery
 j - a ring of protection from cold
 s - an amulet of reflection (around neck)
 A - a ring of magical power
 K - an amulet of magic regeneration
 P - the ring of Jealousy (right branch) {rC+ rCorr EV+4 Dex+2}
   (You found it in a Gauntlet)

   [ring of evasion]

   EV:        It affects your evasion (+4).
   Dex:       It affects your dexterity (+2).
   rC:        It protects you from cold.
   rCorr:     It protects you from acid and corrosion.
 Q - a ring of wizardry
 S - a ring of willpower
 V - a +6 ring of intelligence (left branch)
Wands
 h - a wand of digging (11)
 x - a wand of flame (7) (quivered)
 T - a wand of iceblast (7)
Scrolls
 a - a scroll of brand weapon
 d - 2 scrolls of immolation
 e - 6 scrolls of teleportation
 u - 3 scrolls of fog
 v - 3 scrolls of blinking
 D - a scroll of silence
 J - 2 scrolls of noise
 M - 2 scrolls of enchant weapon
 O - a scroll of holy word
 W - a scroll of magic mapping
Potions
 i - 3 potions of magic {unknown}
 k - 3 potions of brilliance
 l - 2 potions of cancellation
 p - 2 potions of attraction
 w - 2 potions of flight {unknown}
 E - a potion of haste
 X - a potion of mutation


   Skills:
 - Level 12.0 Fighting
 - Level 5.0 Maces & Flails
 - Level 2.0 Throwing
 - Level 7.0 Dodging
 - Level 4.0 Stealth
 + Level 6.0 Shields
 - Level 6.0 Spellcasting
 - Level 1.0 Conjurations
 - Level 3.2 Air Magic
 - Level 4.0 Earth Magic
 - Level 8.0 Evocations


You had 17 spell levels left.
You knew the following spells:

 Your Spells              Type           Power      Damage    Failure   Level
a - Shock                 Conj/Air       80%        1d8       7%          1
b - Static Discharge      Conj/Air       20%        N/A       11%         2
c - Passwall              Tmut/Erth      15%        N/A       11%         2

Your spell library contained the following spells:

 Spells                   Type           Power      Damage    Failure   Level
 Sandblast                Erth           60%        2d14      3%          1
 Foxfire                  Conj/Fire      44%        2x1d6     13%         1
 Swiftness                Air            26%        N/A       13%         3
 Stone Arrow              Conj/Erth      44%        3d9       17%         3
 Sublimation of Blood     Necr           8%         N/A       24%         2
 Airstrike                Air            13%        N/A       38%         4
 Spider Form              Tmut/Pois      8%         N/A       43%         3
 Tukima's Dance           Hex            8%         N/A       43%         3
 Petrify                  Tmut/Erth      19%        N/A       56%         4
 Anguish                  Hex/Necr       4%         N/A       85%         4
 Irradiate                Conj/Tmut      5%         3d15      98%         5
 Blade Hands              Tmut           4%         N/A       99%         5
 Enfeeble                 Hex            4%         N/A       100%        7


Dungeon Overview and Level Annotations

Branches:
Dungeon (11/15)            Temple (0/1) D:7            Lair (1/6) D:9
  Sewer (visited)         Gauntlet (1/1)
    Orc: D:9-12

Altars:
Dithmenos
Gozag
Trog
Vehumet
Xom
Yredelemnul

Shops:
D:1 [   D:4 :   D:6 [((:   D:7 *

Portals:
Trove: D:10 (give 2 scrolls of acquirement)

Annotations:
Gauntlet 6 transporters


Innate Abilities, Weirdness & Mutations

You are a tree.
Your roots penetrate the ground, keeping you stationary.
You cannot be teleported.
You are immune to unholy pain and torment.
Your maximum health is greatly increased.
Your equipment is partially melded.
((Your dull iron-grey scales are very hard. (AC +12)))
((You are amphibious.))
You cannot fit into any form of body armour.
((You are cold-blooded and may be slowed by cold attacks.))
((You have a pair of small horns on your head.))
Your mind is acute. (Int +2)
Your magical capacity is low. (-10% MP)


Message History

Aiming: Throw Flame
Press: ? - help, Q - select action, (/) - cycle Shift-Dir - straight line, f/p - minotaur
Aim: a minotaur, wielding a staff of air, wearing a +2 plate armour of cold resistance and quivering silver javelins (heavily wounded, 89% to hit)
The puff of flame hits the minotaur but does no damage.
The minotaur is heavily wounded.
The minotaur hits you with a staff of air!!
* * * LOW HITPOINT WARNING * * *
You are electrocuted.
* * * LOW HITPOINT WARNING * * *
The minotaur gores you.
* * * LOW HITPOINT WARNING * * *
You closely miss the minotaur.
The minotaur is heavily wounded.
The minotaur hits you with a staff of air!
* * * LOW HITPOINT WARNING * * *
You are electrocuted.
* * * LOW HITPOINT WARNING * * *
You block the minotaur's attack.
You feel yourself speed up.
The minotaur hits you with a staff of air!!
* * * LOW HITPOINT WARNING * * *
You are electrocuted.
* * * LOW HITPOINT WARNING * * *
You block the minotaur's attack. [a] - 750 gold - lignification, might, resistance and invisibility [b] - 232 gold - might and brilliance [c] - 504 gold - resistance and invisibility Purchase which effect?
You no longer have enough gold to petition Gozag for potion effects.
You feel protected.
You fade further into invisibility.
Okay, then.
Okay, then.
You cannot blink because you are held in place by your roots.
Unknown command.
Okay, then.
It was a potion of invisibility.
You fade further into invisibility.
The minotaur hits you with a staff of air!
You die...
Your body crumbles into a pile of gold.

#####......######
#...............#
#...............#
########.########
#.............#
#.###########.#
#.# ..#.# #.###
#.#.# #.#♣##
##.#.# #.#H.# $
#..#.# #.##.#
#.####
#..#.#####.#..#
##.#.......#.##
#..########.#
#...........#
#############


You could see a minotaur.

Vanquished Creatures
  6 death yaks (D:9)
  Pikel (D:7)
  A wizard (Gauntlet)
  A mana viper (shapeshifter) (Gauntlet)
  A cyclops (D:5)
  Joseph (D:8)
  A komodo dragon (D:10)
  A kobold demonologist (D:10)
  Psyche (D:9)
  A troll (D:8)
  Grinder (D:4)
  2 wyverns
  A basilisk (shapeshifter) (Gauntlet)
  Eustachio (D:4)
  7 yaks
  A vampire mosquito (D:10)
  Menkaure (D:4)
  Duvessa (D:7)
  4 water moccasins
  2 orc warriors
  Pargi (Sewer)
  A sky beast (D:7)
  2 black bears
  2 necrophages
  3 ogres
  A centaur (shapeshifter) (Gauntlet)
  2 centaurs
  6 wolves (Lair:1)
  4 lemures (D:7)
  A phantom (D:5)
  A kobold brigand (D:9)
  A bullfrog (D:8)
  6 scorpions
  A gnoll sergeant (D:9)
  Dowan (D:7)
  7 wights
  An electric eel (D:7)
  A howler monkey (D:10)
  4 crimson imps (Gauntlet)
  2 hounds (D:4)
  4 jellies
  An orc priest (D:6)
  6 orc wizards
  Robin (D:2)
  5 gnolls (D:9)
  10 adders
  A shadow imp (Gauntlet)
  A white imp (D:5)
  2 dart slugs
  7 worms
  21 orcs
  6 endoplasms
  A giant cockroach (D:1)
  20 goblins
  7 hobgoblins
  3 jackals (D:3)
  6 quokkas
  9 ball pythons
  4 bats
  5 frilled lizards
  10 kobolds
  7 rats
221 creatures vanquished.

Vanquished Creatures (collateral kills)
  A two-headed ogre (D:9)
  A death yak (D:9)
  Sonja (D:10)
  A black mamba (Lair:1)
  A wyvern (D:10)
  An orc warrior (D:7)
  An orc wizard (D:7)
  An orc (D:7)
8 creatures vanquished.

Vanquished Creatures (others)
  A dart slug (D:3)
  7 plants
8 creatures vanquished.

Grand Total: 237 creatures vanquished

Notes
Turn   | Place    | Note
-------+----------+-------------------------------------------
     0 | D:1      | enile the Draconian Air Elementalist began the quest for
                  | the Orb.
     0 | D:1      | Reached XP level 1. HP: 14/14 MP: 3/3
   224 | D:1      | Reached skill level 1 in Fighting
   348 | D:1      | Found Izaujed's Antique Armour Shop.
   542 | D:1      | Reached XP level 2. HP: 15/24 MP: 1/5
   673 | D:1      | Reached skill level 2 in Fighting
  1019 | D:1      | Found a faded altar of an unknown god.
  1445 | D:1      | Prayed at the altar of an unknown god.
  1445 | D:1      | Became a worshipper of Gozag Ym Sagoz the Greedy
  1761 | D:2      | Learned a level 2 spell: Static Discharge
  2494 | D:2      | Reached skill level 3 in Fighting
  2494 | D:2      | Reached XP level 3. HP: 31/31 MP: 2/6
  2619 | D:2      | Noticed Robin
  2627 | D:2      | Killed Robin
  3004 | D:2      | Reached XP level 4. HP: 38/38 MP: 3/8
  3716 | D:3      | Found a shimmering altar of Xom.
  3932 | D:3      | Noticed a water moccasin
  3940 | D:3      | Killed a water moccasin
  3941 | D:3      | Reached skill level 4 in Fighting
  3941 | D:3      | Reached XP level 5. HP: 34/47 MP: 1/9
  4211 | D:3      | Found a radiant altar of Vehumet.
  4863 | D:3      | Reached skill level 5 in Fighting
  4863 | D:3      | Reached XP level 6. HP: 56/56 MP: 4/10
  5083 | D:4      | Noticed Eustachio
  5130 | D:4      | Found Cunwaa's Book Emporium.
  5475 | D:4      | Killed Eustachio
  5505 | D:4      | Found a glowing drain.
  5535 | Sewer    | Entered a sewer
  5780 | Sewer    | Noticed Pargi
  5812 | Sewer    | Killed Pargi
  5813 | Sewer    | Your scales start taking on a dull iron-grey colour.
  5813 | Sewer    | Reached XP level 7. HP: 26/61 MP: 1/11
  6409 | D:4      | Noticed Menkaure
  6412 | D:4      | Killed Menkaure
  6413 | D:4      | Reached skill level 6 in Fighting
  6560 | D:4      | Noticed a moth of wrath
  6563 | D:4      | Found a bloodstained altar of Trog.
  6656 | D:4      | Identified the +6 whip of the Howling Saviour {vorpal,
                  | rPois rC+ Str+3}
  6716 | D:5      | Entered Level 5 of the Dungeon
  6788 | D:5      | Noticed Grinder
  7050 | D:4      | Paralysed by Grinder for 3 turns
  7054 | D:4      | Gained mutation: Your magical capacity is low. (-10% MP)
                  | [potion of mutation]
  7054 | D:4      | Gained mutation: Your mind is acute. (Int +2) [potion of
                  | mutation]
  7054 | D:4      | Gained mutation: You have a pair of small horns on your
                  | head. [potion of mutation]
  7059 | D:4      | Killed Grinder
  7060 | D:4      | Reached skill level 5 in Evocations
  7060 | D:4      | Reached XP level 8. HP: 37/71 MP: 11/11
  7246 | D:4      | Reached skill level 7 in Fighting
  7246 | D:4      | Reached skill level 1 in Maces & Flails
  8277 | D:5      | Found a basalt altar of Yredelemnul.
  8277 | D:5      | Found a shadowy altar of Dithmenos.
  8315 | D:6      | Found Pyupt's Book Shoppe.
  8327 | D:6      | Noticed a cyclops
  8354 | D:5      | Killed a cyclops
  8355 | D:5      | Reached skill level 5 in Dodging
  8522 | D:6      | Reached skill level 8 in Fighting
  8638 | D:1      | Bought a runed orb for 312 gold pieces
  8638 | D:1      | Bought a pair of twisted gloves for 247 gold pieces
  8638 | D:1      | Identified the +2 pair of gloves "Maclocag" {rElec rN+
                  | Will+} (You bought it in a shop on level 1 of the Dungeon)
  8743 | D:6      | Found Raung's Antique Armour Boutique.
  8747 | D:6      | Bought a runed scarf for 240 gold pieces
  8797 | D:6      | Found Cuyhyal's Antique Weapon Shop.
  8966 | D:6      | Reached XP level 9. HP: 82/82 MP: 1/12
  9658 | D:6      | Found Puelomoi's Weapon Boutique.
  9668 | D:6      | Bought 4 atropa-tipped darts for 26 gold pieces
  9880 | D:7      | Reached skill level 9 in Fighting
 10618 | D:7      | Found a staircase to the Ecumenical Temple.
 10704 | D:7      | Found Erchuofiy's General Store.
 10716 | D:7      | Bought a scroll of fog for 26 gold pieces
 10716 | D:7      | Bought a scroll of identify for 26 gold pieces
 10716 | D:7      | Bought a scroll of holy word for 97 gold pieces
 10716 | D:7      | Bought 4 datura-tipped darts for 20 gold pieces
 10738 | D:7      | Noticed Duvessa
 10771 | D:7      | Reached skill level 10 in Fighting
 10782 | D:7      | Killed Duvessa
 10805 | D:7      | Noticed Dowan
 10898 | D:7      | Killed Dowan
 10992 | D:7      | Reached skill level 5 in Maces & Flails
 11011 | D:7      | Learned a level 2 spell: Passwall
 11176 | D:7      | Reached skill level 11 in Fighting
 11397 | D:7      | Noticed Pikel
 11412 | D:7      | Killed Pikel
 11413 | D:7      | Reached XP level 10. HP: 71/95 MP: 13/13
 12147 | D:8      | Noticed Joseph
 12169 | D:8      | Killed Joseph
 13121 | D:9      | Noticed a two-headed ogre
 13144 | D:10     | Entered Level 10 of the Dungeon
 13162 | D:9      | Killed a two-headed ogre
 13448 | D:9      | Noticed a death yak
 13466 | D:9      | Noticed Prince Ribbit
 13502 | D:9      | Killed a death yak
 13503 | D:9      | Reached skill level 1 in Throwing
 13503 | D:9      | Noticed Prince Ribbit
 13503 | D:9      | Prince Ribbit changed into Prince Ribbit the wyvern
 13512 | D:9      | Killed Prince Ribbit the wyvern
 13938 | D:9      | Reached skill level 1 in Shields
 14124 | D:9      | Noticed a death yak
 14124 | D:9      | Noticed a death yak
 14124 | D:9      | Noticed a death yak
 14124 | D:9      | Noticed a death yak
 14124 | D:9      | Noticed a death yak
 14212 | D:9      | Killed a death yak
 14533 | D:9      | Noticed a death yak
 14534 | D:9      | Found a staircase to the Lair.
 14539 | D:9      | Killed a death yak
 14540 | D:9      | Reached XP level 11. HP: 102/102 MP: 15/15
 14549 | D:9      | Killed a death yak
 14553 | D:9      | Killed a death yak
 14555 | D:9      | Killed a death yak
 14556 | D:9      | Killed a death yak
 14658 | D:9      | Reached skill level 12 in Fighting
 14916 | D:9      | Noticed Psyche
 15125 | D:9      | Killed Psyche
 15311 | D:10     | Found a portal to a secret trove of treasure.
 15312 | D:10     | Noticed Sonja
 15321 | D:10     | Killed Sonja
 15322 | D:10     | Reached skill level 5 in Spellcasting
 15322 | D:10     | Reached skill level 1 in Earth Magic
 15350 | D:10     | Noticed a boulder beetle
 15699 | D:11     | Noticed a five-headed hydra
 15730 | D:11     | Noticed a two-headed ogre
 15740 | D:11     | Noticed a purple ugly thing
 15922 | Lair:1   | Entered Level 1 of the Lair of Beasts
 16126 | Lair:1   | Found a gate leading to a gauntlet.
 16210 | Gauntlet | Entered a Gauntlet
 16210 | Gauntlet | Noticed a death scarab
 16210 | Gauntlet | Found a transporter.
 16210 | Gauntlet | Found a transporter.
 16413 | Gauntlet | Found a transporter.
 16435 | Gauntlet | Found a transporter.
 16439 | Gauntlet | Noticed a death scarab
 16444 | Gauntlet | Found a transporter.
 16446 | Gauntlet | Found a transporter.
 16457 | Gauntlet | Found a transporter.
 16468 | Gauntlet | Noticed a reaper
 16475 | Gauntlet | Found a runed translucent gate.
 16476 | Gauntlet | Found a transporter.
 16476 | Gauntlet | Found a runed translucent gate.
 16477 | Gauntlet | Found a runed translucent gate.
 16490 | Gauntlet | Found a transporter.
 16493 | Gauntlet | Found a transporter.
 16501 | Gauntlet | Found a transporter.
 16501 | Gauntlet | Noticed a wizard
 16504 | Gauntlet | Found a transporter.
 16637 | Gauntlet | Got Oggas's Handbook of Conjuration and Shape Shifting
 16650 | Gauntlet | Killed a wizard
 16651 | Gauntlet | Reached skill level 5 in Shields
 16670 | Gauntlet | Noticed a swamp dragon
 16670 | Gauntlet | a moth of wrath changed into a swamp dragon
 16684 | Gauntlet | Noticed a shock serpent
 16684 | Gauntlet | a swamp dragon changed into a shock serpent
 16687 | Gauntlet | a shock serpent changed into an eye of devastation
 16690 | Gauntlet | Noticed a mana viper
 16690 | Gauntlet | an eye of devastation changed into a mana viper
 16694 | Gauntlet | Identified the +1 leather armour "Earthly Heaven" {*Slow
                  | Dex+3 SInv}
 16695 | Gauntlet | Identified the ring of Jealousy {rC+ rCorr EV+4 Dex+2}
 16710 | Gauntlet | Killed a mana viper
 16929 | Gauntlet | Noticed a minotaur
 16961 | Gauntlet | HP: 5/156 [minotaur/staff of air (21)]
 16961 | Gauntlet | HP: 2/156 [minotaur/staff of air (3)]
 16963 | Gauntlet | Mangled by a minotaur

Illustrated notes

Levels and vault maps discovered:
D:1:      onia_arrival_pentagram, layout_basic, ebering_ecumenical_altar_hall,
          serial_shops, shop
D:2:      layout_rooms, uniq_robin
D:3:      layout_basic, xom_confusion_cloud, nicolae_vehumet_radiance,
          grunt_ministairs_13
D:4:      layout_rooms, tgw_trog, cheibrodos_sewer_entry_sluice, serial_shops,
          shop, uniq_eustachio, uniq_menkaure
D:5:      layout_rooms, amethyst_overflow_temple_binary, uniq_grinder
D:6:      layout_gridville, serial_shops, nicolae_lakefront_shop,
          nicolae_shop_hallway_stairs, shop, nicolae_shop_hallway_stairs,
          corexii_corridor_pit
D:7:      layout_cave_pods, minmay_temple_entry_overgrown, serial_shops,
          nicolae_shop_hallway_plus, minivault_14, minivault_5, uniq_pikel,
          uniq_duvessa
D:8:      layout_loops_ring, uniq_joseph
D:9:      layout_loops_cross, dpeg_lair_monsters, uniq_prince_ribbit1,
          uniq_psyche
D:10:     minmay_bloctagon_deflated, layout_cave_pools, lemuel_crystal_altar,
          enter_trove_1, nicolae_specific_store, uniq_sonja
D:11:     layout_irregular_city, zombieorc1_lemuel
Lair:1:   layout_concentric_octagons, gammafunk_ghost_arena,
          gauntlet_entry_generic, uniq_urug
Gauntlet: minmay_gauntlet_mixed_big_or_small [gammafunk_gauntlet_arena_crates,
          minmay_gauntlet_arena_77_hold_the_fort, nicolae_gauntlet_arena_blocks,
          minmay_gauntlet_arena_77_double_cross,
          nicolae_gauntlet_arena_quarters, minmay_gauntlet_arena_77_run_for_it,
          dreamdust_gauntlet_exit_labyrinth]

Skill      XL: |  1  2  3  4  5  6  7  8  9 10 11 |
---------------+----------------------------------+-----
Fighting       | 1 3 4 5 6 8 11 12 | 12.0
Spellcasting   | 3 4 6 |  6.0
Air Magic      | 4 3 |  3.2
Stealth        | 2 4 |  4.0
Dodging        | 3 5 6 7 |  7.0
Evocations     | 3 5 7 8 |  8.0
Maces & Flails | 3 5 |  5.0
Throwing       | 2 |  2.0
Shields        | 4 6 |  6.0
Earth Magic    | 4 |  4.0
Conjurations   | |  1.0

Action                   |  1- 3 |  4- 6 |  7- 9 | 10-12 || total
-------------------------+-------+-------+-------+-------++-------
Melee: Club              |    24 |       |       |       ||    24
       Unarmed           |     8 |       |       |       ||     8
       Tailslap          |    11 |    16 |    34 |    51 ||   112
       Dagger            |    36 |    95 |    32 |       ||   163
       Punch             |       |     1 |     3 |       ||     4
       Whip              |       |       |   230 |   292 ||   522
       Headbutt          |       |       |    39 |    62 ||   101
 Fire: Hunting sling     |       |    16 |       |       ||    16
Throw: Dart              |       |       |     5 |    11 ||    16
 Cast: Shock             |    86 |    66 |    83 |    51 ||   286
       Static Discharge  |     4 |    13 |    15 |    10 ||    42
Invok: Potion Petition   |       |       |       |     2 ||     2
Evoke: Wand              |       |       |    17 |    19 ||    36
  Use: Potion            |     1 |     3 |     2 |     8 ||    14
       Scroll            |       |     3 |     6 |    15 ||    24
 Stab: Sleeping          |       |     1 |     1 |       ||     2
       Distracted        |       |     1 |       |     3 ||     4
Armor: Skin              |    20 |    76 |    92 |   102 ||   290
Dodge: Dodged            |    34 |   136 |   159 |   143 ||   472
Block: Other             |       |    32 |    23 |       ||    55
       Reflection        |       |     1 |     1 |     7 ||     9
       Orb               |       |       |    25 |    28 ||    53
       Kite shield       |       |       |       |   155 ||   155

Table legend: (Time is in decaauts)
 A = Elapsed time spent in this place.
 B = Non-inter-level travel time spent in this place.
 C = Inter-level travel time spent in this place.
 D = Time resting spent in this place.
 E = Time spent auto-exploring this place.
 F = Levels seen in this place.
 G = Mean time per level.
                   A        B        C        D        E       F      G
               +--------+--------+--------+--------+--------+-----+--------+
         Total |  16984 |  16302 |    682 |   1986 |  11148 |  14 | 1213.1 |
       Dungeon |  15278 |  14596 |    682 |   1986 |  10026 |  11 | 1388.9 |
          Lair |    289 |    289 |      0 |      0 |     86 |   1 |  289.0 |
         Sewer |    667 |    667 |      0 |      0 |    573 |   1 |  667.0 |
      Gauntlet |    749 |    749 |      0 |      0 |    462 |   1 |  749.0 |
               +--------+--------+--------+--------+--------+-----+--------+

Top non-repeatable levels by time:
     D:1: 2238 daAuts
     D:9: 2223 daAuts
     D:7: 1805 daAuts
     D:3: 1761 daAuts
     D:2: 1523 daAuts
     D:4: 1439 daAuts
     D:6: 1360 daAuts
     D:8: 1307 daAuts
     D:5: 1051 daAuts
Gauntlet: 749 daAuts
   Sewer: 667 daAuts
    D:11: 453 daAuts
  Lair:1: 289 daAuts
    D:10: 114 daAuts
